 Dungeon Crawl Stone Soup version 0.28-a0-1518-gbe868bca14 (webtiles) character file.

Game seed: 7865951014044832402

60 pokeman the Magician (level 3, -1/20 HPs)
             Began as a Deep Elf Hedge Wizard on Jan 16, 2022.
             Killed from afar by Sigmund (10 damage)
             ... with a puff of flame
             ... on level 2 of the Dungeon.
             The game lasted 00:03:28 (2004 turns).

pokeman the Magician (Deep Elf Hedge Wizard)        Turns: 2004, Time: 00:03:28

Health: -1/20      AC:  3    Str:  7    XL:     3   Next: 80%
Magic:  4/11       EV: 12    Int: 20    God:
Gold:   23         SH:  0    Dex: 14    Spells: 1/12 levels left

rFire   . . .      SeeInvis .   b - +0 spear
rCold   . . .      Faith    .   (no shield)
rNeg    . . .      Spirit   .   d - +0 leather armour
rPois   .          Reflect  .   c - +0 hat
rElec   .          Harm     .   (no cloak)
rCorr   .          Rampage  .   (no gloves)
Will    .....                   (no boots)
Stlth   ++........              (no amulet)
HPRegen 0.06/turn               (no ring)
MPRegen 0.12/turn               (no ring)

@: very slightly contaminated
A: no striking features
a: no special abilities


You were on level 2 of the Dungeon.
You visited 1 branch of the dungeon, and saw 2 of its levels.

You collected 23 gold pieces.

Inventory:

Hand Weapons
 b - a +0 spear (weapon)
 i - a +2 hunting sling of freezing
Missiles
 f - 22 bolts
 j - 12 sling bullets
Armour
 c - a +0 hat (worn)
 d - a +0 leather armour (worn)
Scrolls
 a - a scroll of identify {unknown}
 e - a scroll of fog {unknown}
 g - a scroll of immolation {unknown}
 h - a scroll of enchant weapon {unknown}


   Skills:
 - Level 1.0 Fighting
 - Level 1.0 Armour
 + Level 2.5 Dodging
 - Level 2.4 Stealth
 * Level 5.4 Spellcasting
 + Level 2.0 Conjurations
 - Level 1.1 Summonings
 - Level 1.1 Translocations
 + Level 0.0 Fire Magic


You had one spell level left.
You knew the following spells:

 Your Spells              Type           Power      Damage    Failure   Level
a - Magic Dart            Conj           52%        1d5       7%          1
b - Mephitic Cloud        Conj/Pois/Air  8%         N/A       36%         3
c - Call Imp              Summ           9%         N/A       16%         2
d - Blink                 Tloc           18%        N/A       16%         2
e - Conjure Flame         Conj/Fire      9%         6-21      32%         3

Your spell library contained the following spells:

 Spells                   Type           Power      Damage    Failure   Level
 Slow                     Hex            20%        N/A       16%         1


Dungeon Overview and Level Annotations

Branches:
Dungeon (2/15)

Altars:

Annotations:
D:2 Robin, Sigmund


Message History

t - Shout!
Orders for allies: a - Attack new target. r - Retreat! s - Stop attacking. g - Guard the area. f - Follow me.
Anything else - Cancel.
You shout for attention!
Sigmund gestures wildly while chanting.
Sigmund flickers and vanishes!
Deactivating autopickup; reactivate with Ctrl-A.
There is a stone staircase leading up, spattered with blood here.
Casting: Magic Dart (safe; 7% risk of failure)
Confirm with . or Enter, or press ? or * to list all spells.
The spell is potentially lethal to miscast (32% risk of failure)!
Continue anyway?
The fire begins to smoulder!
The fire ignites!
You see here a +0 spear.
Casting: Conjure Flame (potentially lethal; 32% risk of failure)
Confirm with . or Enter, or press ? or * to list all spells.
Okay, then.
Casting: Conjure Flame (potentially lethal; 32% risk of failure)
Confirm with . or Enter, or press ? or * to list all spells.
The spell is potentially lethal to miscast (32% risk of failure)!
Continue anyway?
You miscast Conjure Flame.
You are very lightly contaminated with residual magic.
You are blasted with fire!
Casting: Conjure Flame (potentially lethal; 32% risk of failure)
Confirm with . or Enter, or press ? or * to list all spells.
The spell is potentially lethal to miscast (32% risk of failure)!
Continue anyway?
You miscast Conjure Flame.
Nothing appears to happen.
Things that are here:
18 stones; a +0 club; a +0 hunting sling A magic dart appears from out of thin air!
The magic dart hits you.
You see here a +0 club.
Things that are here:
a +0 spear; a +0 dagger A puff of flame appears from out of thin air!
The puff of flame hits you!
Ouch! That really hurt!
You die...

..#.....#####
.###.##.######
..........{.)#
..##.##.####(# # #.#
#)# ##.##.# #.#
...#{# #.# #..#.# #.#
# ##..#.####@#.##.# #
#.....{)).......#
#..#.#.##..........#
.....................
.......<)..........##
...#.#.#######.....#
. #.#. #....# # ..
..#.# ... ..#.#


There were no monsters in sight!

Vanquished Creatures
  2 adders (D:2)
  A worm (D:1)
  2 endoplasms
  2 giant cockroaches (D:1)
  10 goblins
  3 hobgoblins
  4 kobolds
  2 quokkas (D:1)
  2 ball pythons (D:1)
  2 bats (D:1)
  2 frilled lizards (D:1)
  2 rats (D:1)
34 creatures vanquished.

Vanquished Creatures (others)
  A fungus (D:1)
1 creature vanquished.

Grand Total: 35 creatures vanquished

Notes
Turn   | Place    | Note
-------+----------+-------------------------------------------
     0 | D:1      | pokeman the Deep Elf Hedge Wizard began the quest for the
                  | Orb.
     0 | D:1      | Reached XP level 1. HP: 10/10 MP: 7/7
   356 | D:1      | Reached XP level 2. HP: 15/15 MP: 4/9
   705 | D:1      | Found a faded altar of an unknown god.
   849 | D:1      | Reached skill level 5 in Spellcasting
   976 | D:2      | Noticed Sigmund
  1133 | D:2      | Noticed Robin
  1175 | D:2      | Reached XP level 3. HP: 20/20 MP: 9/11
  1179 | D:2      | Learned a level 3 spell: Mephitic Cloud
  1182 | D:2      | Learned a level 2 spell: Call Imp
  1185 | D:2      | Learned a level 2 spell: Blink
  1193 | D:2      | HP: 1/20 [poisoned by an adder]
  1203 | D:2      | Learned a level 3 spell: Conjure Flame
  1376 | D:2      | Reached skill level 1 in Armour
  1538 | D:2      | Reached skill level 1 in Fighting
  2004 | D:2      | Killed from afar by Sigmund

Illustrated notes

Levels and vault maps discovered:
D:1:      amcnicky_arrival_gap_in_the_tavern_cellar, layout_rooms,
          dreamdust_ecumenical_altar_hidden_monk_grotto, st_stairs_4
D:2:      layout_loops_ring, serial_shops, shop, uniq_robin, uniq_sigmund

Skill      XL: |  1  2  3 |
---------------+----------+-----
Spellcasting   | 5 |  5.4
Armour         | 1 |  1.0
Fighting       | 1 |  1.0
Conjurations   | 2 |  2.0
Dodging        | |  2.5
Stealth        | |  2.4
Summonings     | |  1.1
Translocations | |  1.1

Action                   || total
-------------------------++-------
Melee: Spear             ||    20
 Cast: Magic Dart        ||    97
       Conjure Flame     ||     1
  Use: Potion            ||     1
Armor: Leather armour    ||    13
Dodge: Dodged            ||    29

Table legend: (Time is in decaauts)
 A = Elapsed time spent in this place.
 B = Non-inter-level travel time spent in this place.
 C = Inter-level travel time spent in this place.
 D = Time resting spent in this place.
 E = Time spent auto-exploring this place.
 F = Levels seen in this place.
 G = Mean time per level.
                   A        B        C        D        E       F      G
               +--------+--------+--------+--------+--------+-----+--------+
         Total |   2009 |   1961 |     48 |    456 |   1202 |   2 | 1004.5 |
       Dungeon |   2009 |   1961 |     48 |    456 |   1202 |   2 | 1004.5 |
               +--------+--------+--------+--------+--------+-----+--------+

Top non-repeatable levels by time:
     D:1: 1508 daAuts
     D:2: 500 daAuts
